 Dungeon Sprint DCSS version 0.19-a0-188-ga21aea4 (webtiles) character file.

338 Kidiri the Skirmisher (level 6, -1/60 HPs)
             Began as a Hill Orc Fighter on May 23, 2016.
             Was an Elder of Beogh.
             Slain by a redback (5 damage)
             ... in the Dungeon (Sprint VII: "The Pits").
             The game lasted 00:02:14 (1090 turns).

Kidiri the Skirmisher (Hill Orc Fighter)            Turns: 1090, Time: 00:02:15

Health: -1/60      AC: 14    Str: 21    XL:     6   Next: 55%
Magic:  9/9        EV:  7    Int:  8    God:    Beogh [****..]
Gold:   0          SH: 11    Dex: 10    Spells: 0 memorised, 5 levels left

rFire  + . .     SeeInvis .     a - +2 long sword (holy)
rCold  . . .     Gourm    .     s - +3 chain mail {rF+}
rNeg   . . .     Faith    .     c - +0 shield
rPois  .         Spirit   .     (no helmet)
rElec  .         Dismiss  .     (no cloak)
rCorr  .         Reflect  .     (no gloves)
SustAt .         Harm     .     (no boots)
MR     .....     NoTele   +     (no amulet)
Stlth  ..........               (no ring)
                                (no ring)

@: lethally poisoned (-1 -> -49), not resistant to hostile enchantments,
extremely unstealthy
A: no striking features
a: Smiting, Recall Orcish Followers, Renounce Religion


You were in the Dungeon.
You worshipped Beogh.
Beogh was greatly pleased with you.
You were hungry.

You visited 1 branch

Inventory:

Hand Weapons
 a - a +2 long sword of holy wrath (weapon)
Armour
 b - a +0 scale mail
 c - a +0 shield (worn)
 s - a +3 chain mail of fire resistance (worn)
Scrolls
 k - a scroll of blinking
 o - 3 scrolls of remove curse
 p - 5 scrolls of amnesia
 q - a scroll of summoning
Potions
 d - a potion of might
 e - 6 potions of curing
 g - 5 potions of heal wounds
 h - a potion of haste
 i - 4 potions of magic
 j - 3 potions of berserk rage
 n - 2 potions of invisibility
Comestibles
 f - 8 bread rations
 l - 40 fruits
 m - 7 meat rations


   Skills:
 * Level 7.5 Fighting
 * Level 6.4 Long Blades
 + Level 3.3 Throwing
 * Level 6.8 Armour
 * Level 4.2 Dodging
 * Level 6.8 Shields
 + Level 4.6 Invocations


You had 5 spell levels left.
You didn't know any spells.

Dungeon Overview and Level Annotations

Branches:
Dungeon (1/1)

Altars:
Ashenzari
Cheibriados
Dithmenos
Elyvilon
Fedhas
Gozag
Kikubaaqudgha
Makhleb
Nemelex Xobeh
Okawaru
Pakellas
Qazlal
Ru
Sif Muna
Trog
Vehumet
Xom
Yredelemnul
Zin
The Shining One
Beogh
Jiyva
Lugonu


Message History

The redback is severely wounded.
You feel very sick. The redback bites you!
* * * LOW HITPOINT WARNING * * *
Your orc wizard hits the redback but does no damage.
The redback bites you but does no damage.
You closely miss the redback.
The redback is severely wounded.
* * * LOW HITPOINT WARNING * * *
You feel very sick. You block the redback's attack.
Your orc wizard closely misses the redback.
You block the redback's attack.
You miss the redback.
The redback is severely wounded.
* * * LOW HITPOINT WARNING * * *
You feel very sick.
Your orc wizard miscasts a cantrip.
The redback bites you.
You die...

#)#........##.......#
#'###########.......#
#.......# #########
#..#.#..# #.##.##.#
#.......#+#
#.##.##.#.+
#..#.#..#s#
#.......o@#
###########


You could see a redback and a friendly orc wizard.

Vanquished Creatures
  A porcupine (D)
  A big kobold (D)
  A scorpion (D)
  Ijyb (D)
  2 iguanas (D)
  A worker ant (D)
  An adder (D)
  A goblin (D)
  A hobgoblin (D)
  5 jackals (D)
  A kobold (D)
  A quokka (D)
  A rat (D)
18 creatures vanquished.

Notes
Turn   | Place    | Note
--------------------------------------------------------------
     0 | D        | Kidiri the Hill Orc Fighter began the quest for the Orb.
     0 | D        | Reached XP level 1. HP: 19/19 MP: 1/1
    14 | D        | Reached skill level 4 in Fighting
    14 | D        | Reached skill level 1 in Dodging
    14 | D        | Reached XP level 2. HP: 24/27 MP: 2/2
    49 | D        | Found a sacrificial altar of Ru.
    49 | D        | Found a basalt altar of Yredelemnul.
    49 | D        | Found a shadowy altar of Dithmenos.
    49 | D        | Found a deep blue altar of Sif Muna.
    49 | D        | Found a burning altar of Makhleb.
    49 | D        | Found a shimmering altar of Xom.
    49 | D        | Found an ancient bone altar of Kikubaaqudgha.
    49 | D        | Found a sparkling altar of Nemelex Xobeh.
    50 | D        | Found a glowing golden altar of the Shining One.
    50 | D        | Found a bloodstained altar of Trog.
    50 | D        | Found a shattered altar of Ashenzari.
    50 | D        | Found a white marble altar of Elyvilon.
    50 | D        | Found a snail-covered altar of Cheibriados.
    50 | D        | Found a blossoming altar of Fedhas.
    50 | D        | Found a radiant altar of Vehumet.
    50 | D        | Found a glowing silver altar of Zin.
    50 | D        | Found a corrupted altar of Lugonu.
    50 | D        | Found a viscous altar of Jiyva.
    50 | D        | Found a roughly hewn altar of Beogh.
    50 | D        | Found an iron altar of Okawaru.
    51 | D        | Found an oddly glowing altar of Pakellas.
    56 | D        | Found a stormy altar of Qazlal.
    56 | D        | Found an opulent altar of Gozag.
    60 | D        | Became a worshipper of Beogh the Brigand
   182 | D        | Reached * piety under Beogh
   278 | D        | Reached skill level 1 in Throwing
   326 | D        | Reached ** piety under Beogh
   326 | D        | Reached skill level 1 in Invocations
   326 | D        | Reached XP level 3. HP: 12/35 MP: 2/4
   677 | D        | Noticed a porcupine
   679 | D        | Noticed Ijyb
   686 | D        | Noticed a big kobold
   691 | D        | Killed a porcupine
   691 | D        | Reached *** piety under Beogh
   691 | D        | Reached skill level 6 in Fighting
   691 | D        | Reached skill level 5 in Long Blades
   691 | D        | Reached skill level 5 in Armour
   691 | D        | Reached skill level 5 in Shields
   691 | D        | Reached XP level 4. HP: 23/44 MP: 4/6
   691 | D        | Reached XP level 5. HP: 26/50 MP: 4/7
   715 | D        | Killed Ijyb
   727 | D        | Killed a big kobold
   727 | D        | Reached **** piety under Beogh
   727 | D        | Reached skill level 7 in Fighting
   727 | D        | Reached XP level 6. HP: 24/60 MP: 7/9
   747 | D        | HP: 3/60 [poisoned by a scorpion]
   752 | D        | HP: 2/60 [poisoned by a scorpion]
   759 | D        | HP: 2/60 [poisoned by a scorpion]
   767 | D        | HP: 1/60 [poisoned by a scorpion]
  1083 | D        | Noticed a redback
  1090 | D        | Slain by a redback

Vault maps used:
D:        pitsprint

Skill      XL: |  1  2  3  4  5  6 |
---------------+-------------------+-----
Fighting       | 4 6 7 |  7.5
Long Blades    | 3 5 6 |  6.4
Dodging        | 1 3 4 |  4.2
Throwing       | 1 2 3 |  3.3
Armour         | 4 5 6 |  6.8
Shields        | 4 5 6 |  6.8
Invocations    | 1 3 4 |  4.6

Action                   |  1- 3 |  4- 6 || total
-------------------------+-------+-------++-------
Melee: Long sword        |    14 |    55 ||    69
       Falchion          |    32 |       ||    32
  Use: Potion            |       |     1 ||     1
Armor: Scale mail        |    18 |       ||    18
       Chain mail        |     3 |    23 ||    26
Dodge: Dodged            |    13 |     5 ||    18
Block: Shield            |    22 |    21 ||    43
